[Event "Titled Tuesday Blitz March 15 Early 2022"]
[White "Rustemov, Alexander"]
[Black "Kovanova, Baira"]
[WhiteFideId "4119002"]
[BlackFideId "4164083"]
[WhiteElo "2756"]
[BlackElo "2190"]
[Result "1-0"]
[Round "05"]
[TimeControl "180+1"]
[Date "2022.03.15"]
[WhiteClock "0:00:47"]
[BlackClock "0:00:10"]

1. d4 Nf6 2. c4 e6 3. Nf3 d5 4. Nc3 Nbd7 5. cxd5 exd5 6. Bg5 Be7 7. e3 h6 8. Bh4 c6 9. Bd3 O-O 10. Qc2 Re8 11. O-O Ne4 12. Bxe4 Bxh4 13. Bh7+ Kh8 14. Nxh4 Qxh4 15. Bd3 Nf6 16. Rae1 Ng4 17. h3 Nf6 18. f3 Kg8 19. Qf2 Qxf2+ 20. Kxf2 Bd7 21. b4 Re7 22. Re2 Ne8 23. b5 Nd6 24. bxc6 Bxc6 25. a4 Rc8 26. Rb1 g6 27. g4 Kg7 28. a5 a6 29. Rb3 Rce8 30. h4 f5 31. gxf5 gxf5 32. Rb1 Kf6 33. Rg1 Rg7 34. Rxg7 Kxg7 35. Re1 Kf6 36. Ne2 Nc4 37. Bxc4 dxc4 38. Nc3 Rd8 39. Rd1 Ke6 40. e4 fxe4 41. fxe4 Kd6 42. Ke3 Rg8 43. d5 Bb5 44. Kd4 Rg4 45. Rf1 Rxh4 46. Rf6+ Kc7 47. Rb6 Bd7 48. Kxc4 Rh1 49. e5 Bf5 50. Rf6 Bc2 51. Rf7+ Kc8 52. e6 Rh4+ 53. Kc5 Bb3 54. Rf8+ 1-0


[Site "https://www.chess.com"]

[Event "Titled Tuesday Blitz March 15 Early 2022"]
[White "Sailer, Mike"]
[Black "Alinasab, Mobina"]
[WhiteFideId "2012901"]
[BlackFideId "12528897"]
[WhiteElo "2109"]
[BlackElo "2052"]
[Result "0-1"]
[Round "05"]
[TimeControl "180+1"]
[Date "2022.03.15"]
[WhiteClock "0:00:03"]
[BlackClock "0:00:54"]

1. d4 Nf6 2. Nf3 e6 3. Bf4 b6 4. e3 Bb7 5. Be2 c5 6. O-O Be7 7. c4 cxd4 8. exd4 d6 9. Nc3 O-O 10. a4 a6 11. a5 bxa5 12. Qa4 Nc6 13. d5 exd5 14. cxd5 Nb4 15. Qxa5 Qxa5 16. Rxa5 Nbxd5 17. Nxd5 Nxd5 18. Bg3 Nb4 19. Rd1 d5 20. Nd4 g6 21. Bf3 Rfc8 22. h4 Bf6 23. h5 Rc4 24. Nb3 Bxb2 25. Nc5 Bc6 26. hxg6 hxg6 27. Be2 Rc2 28. Bxa6 Nxa6 29. Nxa6 Bb7 30. Nb4 Rxa5 31. Nxc2 Rc5 32. Nd4 Rc1 33. Rxc1 Bxc1 34. Be5 Kf8 35. Kf1 Ke7 36. Ke2 f6 37. Bb8 Bb2 38. Ke3 Kd7 39. Ba7 Ba6 40. g3 Bc4 41. Bc5 Bc1+ 42. Kf3 Bd3 43. Ba7 Be4+ 44. Ke2 Kc7 45. Bc5 f5 46. Ke1 g5 47. Ke2 f4 48. gxf4 gxf4 49. Kd1 Bb2 50. Kd2 f3 51. Ke3 Bc1# 0-1


[Site "https://www.chess.com"]

[Event "Titled Tuesday Blitz March 15 Early 2022"]
[White "Sanchez, Robert"]
[Black "Chernomordik, Pavel"]
[WhiteFideId "2034360"]
[BlackFideId "2804530"]
[WhiteElo "2290"]
[BlackElo "2249"]
[Result "1/2-1/2"]
[Round "05"]
[TimeControl "180+1"]
[Date "2022.03.15"]
[WhiteClock "0:02:14"]
[BlackClock "0:00:27"]

1. e4 g6 2. d4 Bg7 3. Nc3 d6 4. Be3 a6 5. f3 b5 6. Qd2 Bb7 7. O-O-O Nd7 8. g4 Nb6 9. Bd3 h6 10. h4 Nf6 11. Nh3 Nfd7 12. g5 h5 13. Kb1 c5 14. dxc5 dxc5 15. Qf2 Qc7 16. Nd5 Nxd5 17. exd5 Bxd5 18. Bxg6 Bxa2+ 19. Kxa2 fxg6 20. Kb1 Qe5 21. Bc1 O-O-O 22. Nf4 Qf5 23. Nd5 Rhe8 24. Rhe1 e6 1/2-1/2


[Site "https://www.chess.com"]

[Event "Titled Tuesday Blitz March 15 Early 2022"]
[White "Santos Ruiz, Miguel"]
[Black "Kevlishvili, Robby"]
[WhiteFideId "22291482"]
[BlackFideId "1040634"]
[WhiteElo "2780"]
[BlackElo "2909"]
[Result "0-1"]
[Round "05"]
[TimeControl "180+1"]
[Date "2022.03.15"]
[WhiteClock "0:00:04"]
[BlackClock "0:00:20"]

1. e4 e5 2. Nf3 Nc6 3. Bc4 Bc5 4. d3 Nf6 5. Nc3 h6 6. O-O a6 7. Be3 d6 8. Bxc5 dxc5 9. Bd5 Ne7 10. Nxe5 Nexd5 11. exd5 O-O 12. Qf3 b6 13. d6 Be6 14. dxc7 Qxc7 15. Rfe1 Rad8 16. Re2 b5 17. Rae1 Rd4 18. Qc6 Qa7 19. Qf3 Qc7 20. h3 Rc8 21. b3 Qa5 22. Ne4 Nxe4 23. Rxe4 Rxe4 24. Qxe4 Qxa2 25. Ng6 Re8 26. Qc6 Rb8 27. Rxe6 fxe6 28. Qxe6+ Kh7 29. Qe4 Qa1+ 30. Kh2 Qd4 31. Nf8+ Kg8 32. Qh7+ Kf7 33. Qf5+ Qf6 34. Qxf6+ gxf6 35. Nd7 Rc8 36. Nb6 Rd8 37. Kg3 Rd6 0-1


[Site "https://www.chess.com"]

[Event "Titled Tuesday Blitz March 15 Early 2022"]
[White "Sarana, Alexey"]
[Black "Dubov, Daniil"]
[WhiteFideId "24133795"]
[BlackFideId "24126055"]
[WhiteElo "3011"]
[BlackElo "3051"]
[Result "0-1"]
[Round "05"]
[TimeControl "180+1"]
[Date "2022.03.15"]
[WhiteClock "0:00:11"]
[BlackClock "0:00:13"]

1. d4 Nf6 2. c4 c5 3. d5 b5 4. cxb5 a6 5. bxa6 e6 6. dxe6 fxe6 7. g3 Bxa6 8. Bg2 d5 9. Nf3 Nc6 10. O-O Be7 11. b3 e5 12. Bb2 e4 13. Nh4 Qd7 14. Nc3 O-O 15. Qd2 Rae8 16. Rac1 d4 17. Na4 Qg4 18. Nxc5 Qxe2 19. Rfd1 Qxd2 20. Rxd2 e3 21. fxe3 dxe3 22. Rdd1 Bxc5 23. Rxc5 e2 24. Re1 Nb4 25. Re5 Rxe5 26. Bxe5 Nc2 27. Nf3 Nxe1 28. Nxe1 Ng4 29. Bd5+ Kh8 30. Bf4 g5 31. Bd2 Rf1+ 32. Kg2 Rf2+ 33. Kh3 h5 34. Nf3 Bc8 35. Bc3+ Kh7 36. Nxg5+ Kg6 37. Nf3 Ne3+ 38. Kh4 Nxd5 0-1


[Site "https://www.chess.com"]

[Event "Titled Tuesday Blitz March 15 Early 2022"]
[White "Sarkar, Justin"]
[Black "Johnson, Ben"]
[WhiteFideId "2010011"]
[BlackFideId "2010917"]
[WhiteElo "2038"]
[BlackElo "2214"]
[Result "0-1"]
[Round "05"]
[TimeControl "180+1"]
[Date "2022.03.15"]
[WhiteClock "0:00:03"]
[BlackClock "0:00:07"]

1. d4 Nf6 2. c4 e6 3. Nf3 d5 4. Nc3 Bb4 5. Qb3 c5 6. dxc5 Na6 7. Bg5 dxc4 8. Qxc4 h6 9. Rd1 Qa5 10. Bd2 Qxc5 11. Qxc5 Nxc5 12. a3 Bxc3 13. Bxc3 O-O 14. e3 a5 15. Bxf6 gxf6 16. Bb5 b6 17. Rd6 Rb8 18. Nd2 Bb7 19. Rxb6 Bd5 20. Rxb8 Rxb8 21. a4 Kf8 22. f3 e5 23. Ke2 Ke7 24. Rc1 Kd6 25. Nc4+ Bxc4+ 26. Rxc4 Ne6 27. Rh4 Nc7 28. Rxh6 Nxb5 29. axb5 Rxb5 30. Rxf6+ Ke7 31. Ra6 Rxb2+ 32. Kf1 Ra2 33. h4 a4 34. h5 Kf8 35. h6 Kg8 36. Ra5 f6 37. Ra6 a3 38. Rxf6 Rb2 0-1


[Site "https://www.chess.com"]

[Event "Titled Tuesday Blitz March 15 Early 2022"]
[White "Secer, Ata"]
[Black "Prohorov, Olexandr"]
[WhiteFideId "6303293"]
[BlackFideId "14105578"]
[WhiteElo "2282"]
[BlackElo "1993"]
[Result "1/2-1/2"]
[Round "05"]
[TimeControl "180+1"]
[Date "2022.03.15"]
[WhiteClock "0:00:10"]
[BlackClock "0:00:16"]

1. e4 c5 2. Nf3 e6 3. d4 cxd4 4. Nxd4 Qb6 5. Nc3 Bc5 6. Na4 Qa5+ 7. c3 Bxd4 8. Qxd4 Nf6 9. Nc5 Nc6 10. Qd6 b6 11. Nb3 Qe5 12. Qxe5 Nxe5 13. f3 d5 14. exd5 Nxd5 15. Bd2 O-O 16. f4 Nc6 17. g3 e5 18. Bg2 Rd8 19. O-O-O exf4 20. Bxf4 Be6 21. Bg5 f6 22. Rhe1 Bf7 23. Bd2 Rac8 24. Kb1 a5 25. Nc1 a4 26. a3 b5 27. Be4 Nb6 28. Bf4 Ne5 29. Bxe5 fxe5 30. Bf5 Rxd1 31. Rxd1 Re8 32. Be4 Bg6 33. Bxg6 hxg6 34. Re1 Nc4 35. Nd3 e4 36. Nf4 Kf7 37. Kc2 Rd8 38. Re2 g5 39. Ng2 Kg6 40. Ne3 Ne5 41. Rd2 Rxd2+ 42. Kxd2 Nf3+ 43. Kc2 Nxh2 44. c4 bxc4 45. Kc3 Kf6 46. Kxc4 Ke5 47. b4 axb3 48. Kxb3 Kd4 49. Nf5+ Kc5 50. Kc3 Nf1 51. a4 g6 52. Ne7 Nxg3 53. Nxg6 Nf5 54. Ne5 g4 55. Nxg4 e3 56. Nxe3 Nxe3 57. a5 Kb5 58. a6 Kxa6 1/2-1/2


[Site "https://www.chess.com"]

[Event "Titled Tuesday Blitz March 15 Early 2022"]
[White "Shailendra, K Bajpai"]
[Black "Odegov, Artem"]
[WhiteFideId "5014670"]
[BlackFideId "34183644"]
[WhiteElo "2242"]
[BlackElo "2286"]
[Result "1-0"]
[Round "05"]
[TimeControl "180+1"]
[Date "2022.03.15"]
[WhiteClock "0:00:12"]
[BlackClock "0:00:14"]

1. e4 e6 2. d4 d5 3. Nc3 Bb4 4. e5 c5 5. Bd2 Ne7 6. Nb5 Bxd2+ 7. Qxd2 O-O 8. c3 Nbc6 9. Nd6 f6 10. f4 fxe5 11. dxe5 d4 12. g3 Nf5 13. Nxf5 Rxf5 14. Bd3 Rf8 15. Nf3 Qd5 16. O-O c4 17. Be2 d3 18. Bd1 b5 19. Qe3 Bb7 20. Rf2 Rad8 21. Qd2 a5 22. h3 b4 23. Kh2 bxc3 24. bxc3 Ba8 25. Rb1 Ne7 26. Ba4 Nf5 27. Rb5 Qe4 28. Rxa5 Qe3 29. Qxe3 Nxe3 30. Nd2 Rb8 31. Rb5 Rxb5 32. Bxb5 Rb8 33. Bxc4 Be4 34. Bxe6+ Kf8 35. Nxe4 Rb1 36. Nd2 Rb2 37. g4 Rxd2 38. Rxd2 Nf1+ 39. Kg1 Nxd2 40. Bf5 Nf3+ 41. Kf2 d2 42. Bc2 Nh4 43. a4 g5 44. f5 Ng6 45. fxg6 h6 46. a5 Kg7 47. a6 h5 48. a7 h4 49. a8=Q d1=Q 50. Bxd1 Kh6 51. Qh8+ Kxg6 52. Qh5+ Kg7 53. Qxg5+ Kf7 54. Qxh4 Kg8 55. Qg3 Kf7 56. Bf3 Kg7 57. Qf4 Kg6 58. h4 Kh7 59. Be4+ Kg7 60. Qf6+ Kg8 61. Qg6+ Kf8 62. Bd5 Ke7 63. Qg7+ Ke8 64. h5 Kd8 65. h6 Ke8 66. h7 Kd8 1-0


[Site "https://www.chess.com"]

[Event "Titled Tuesday Blitz March 15 Early 2022"]
[White "Shevchenko, Kirill"]
[Black "Bortnyk, Olexandr"]
[WhiteFideId "14129574"]
[BlackFideId "14120828"]
[WhiteElo "2977"]
[BlackElo "3040"]
[Result "1-0"]
[Round "05"]
[TimeControl "180+1"]
[Date "2022.03.15"]
[WhiteClock "0:00:09"]
[BlackClock "0:00:01"]

1. c4 d6 2. Nc3 e5 3. g3 g6 4. Bg2 Bg7 5. d3 Nc6 6. e4 Nge7 7. Nge2 h5 8. h3 Bd7 9. Nd5 Nxd5 10. cxd5 Ne7 11. O-O c6 12. d4 exd4 13. Nxd4 cxd5 14. Bf4 Qb6 15. Be3 Qa6 16. Bg5 dxe4 17. Bxe4 Nc8 18. Qf3 Bxd4 19. Bxb7 Qb5 20. Rfe1+ Kf8 21. Bf6 Bg4 22. hxg4 hxg4 23. Bc6 Bxf2+ 24. Qxf2 Qxc6 25. Bxh8 Ne7 26. Bf6 Nf5 27. Rac1 Qa6 28. Qh2 Qb6+ 29. Kf1 Qa6+ 30. Re2 Nxg3+ 31. Qxg3 d5 32. Qf4 Kg8 33. Kf2 g3+ 34. Kf3 d4 35. Rh1 Qd3+ 36. Re3 Qxe3+ 37. Qxe3 1-0


[Site "https://www.chess.com"]

[Event "Titled Tuesday Blitz March 15 Early 2022"]
[White "Shimanov, Aleksandr"]
[Black "Donchenko, Alexander"]
[WhiteFideId "4198603"]
[BlackFideId "24603295"]
[WhiteElo "2636"]
[BlackElo "2539"]
[Result "1-0"]
[Round "05"]
[TimeControl "180+1"]
[Date "2022.03.15"]
[WhiteClock "0:01:05"]
[BlackClock "0:01:02"]

1. Nf3 c5 2. e4 e6 3. b3 b6 4. Bb2 Bb7 5. Nc3 Nc6 6. Qe2 Nf6 7. O-O-O Qc7 8. e5 Ng4 9. Nb5 Qb8 10. h3 Nh6 11. d4 cxd4 12. Nbxd4 Nxd4 13. Nxd4 Bc5 14. Rg1 Bxd4 15. Rxd4 Nf5 16. Rd2 h5 17. g4 hxg4 18. hxg4 Ne7 19. f4 Qc7 20. Rg3 Rh1 21. Rd1 Nd5 22. Qf2 Rc8 23. Bc4 Rxd1+ 24. Kxd1 b5 25. Bxd5 Bxd5 26. Rh3 b4 27. Rh8+ Ke7 28. Qh4+ f6 29. exf6+ Kd6 30. Be5+ 1-0


[Site "https://www.chess.com"]

[Event "Titled Tuesday Blitz March 15 Early 2022"]
[White "Shtyka, Sergey"]
[Black "Xie, Bryan"]
[WhiteFideId "4138465"]
[BlackFideId "30941296"]
[WhiteElo "2014"]
[BlackElo "1899"]
[Result "0-1"]
[Round "05"]
[TimeControl "180+1"]
[Date "2022.03.15"]
[WhiteClock "0:00:05"]
[BlackClock "0:00:05"]

1. e4 c5 2. Nf3 e6 3. d4 cxd4 4. Nxd4 Nc6 5. Nc3 Qc7 6. Be3 a6 7. f4 Bb4 8. Qd3 Nf6 9. O-O-O Bxc3 10. Qxc3 Nxe4 11. Qa3 Nxd4 12. Rxd4 d5 13. Bd3 Nd6 14. f5 b5 15. Bf4 Qb6 16. Qxd6 Qxd4 17. Qc6+ Ke7 18. Bd6+ Kf6 19. Qxa8 e5 20. Qc6 Kg5 21. h4+ Kg4 22. Be2+ Kg3 23. Bf3 Bxf5 24. Qxd5 Qxd5 25. Bxd5 f6 26. Bf3 Rc8 27. c3 a5 28. h5 b4 29. h6 g5 30. Re1 bxc3 31. bxc3 Rxc3+ 32. Kb2 Rc2+ 33. Kb3 g4 34. Ba8 a4+ 35. Ka3 Be6 36. Rf1 Rxa2+ 37. Kb4 Rb2+ 38. Ka5 Rf2 39. Ra1 Rf4 40. Ra3+ Kf2 41. Bc5+ Kf1 42. g3 Rf3 43. Ra1+ Kg2 44. Bxf3+ gxf3 45. Rc1 f2 46. Rc2 a3 47. Rxf2+ Kxg3 48. Rf1 a2 49. Ra1 f5 50. Kb4 f4 51. Bd6 e4 52. Kc3 e3 53. Kd3 Kf2 54. Bxf4 e2 55. Bd2 Bf5+ 56. Kd4 Bb1 57. Bc3 e1=Q 58. Bxe1+ Kxe1 59. Ke5 Kd2 60. Kd4 Kc2 61. Rxa2+ Bxa2 62. Ke5 Kd2 63. Kf6 Ke3 64. Kg7 Bb1 65. Kf6 Kf4 0-1


[Site "https://www.chess.com"]

[Event "Titled Tuesday Blitz March 15 Early 2022"]
[White "Shuvalova, Polina"]
[Black "Lou, Yiping"]
[WhiteFideId "24171760"]
[BlackFideId "8603928"]
[WhiteElo "2355"]
[BlackElo "2412"]
[Result "0-1"]
[Round "05"]
[TimeControl "180+1"]
[Date "2022.03.15"]
[WhiteClock "0:00:04"]
[BlackClock "0:00:10"]

1. d4 Nf6 2. Nf3 d5 3. Bf4 e6 4. e3 c5 5. Nbd2 Bd6 6. dxc5 Bxf4 7. exf4 Qc7 8. g3 Qxc5 9. c3 O-O 10. Bd3 b6 11. Qe2 a5 12. Nb3 Qc7 13. a4 Ba6 14. O-O Bxd3 15. Qxd3 Nbd7 16. Nbd4 Nc5 17. Qe2 Nce4 18. Ne5 Qc5 19. Kg2 Rac8 20. h4 Nd6 21. h5 Rfe8 22. h6 g6 23. Rfe1 Nf5 24. Nxf5 exf5 25. Qf3 Ne4 26. Rad1 f6 27. Nd3 Qc4 28. Qe3 Re6 29. Qd4 Qxd4 30. cxd4 Kf7 31. Re2 Rc4 32. f3 Nd6 33. Rxe6 Kxe6 34. b3 Rc2+ 35. Kf1 Nf7 36. Rc1 Rxc1+ 37. Nxc1 Nxh6 38. Ne2 Nf7 39. Nc3 Nd6 40. Ke2 g5 41. Ke3 h5 42. Ne2 b5 43. Nc3 b4 44. Ne2 Nc8 45. Nc1 Ne7 46. Nd3 Ng6 47. fxg5 fxg5 48. f4 gxf4+ 49. gxf4 Ne7 50. Nc5+ Kf6 51. Nb7 Nc6 52. Nc5 h4 53. Nd3 h3 54. Nf2 h2 55. Nh1 Kg6 56. Ng3 Nd8 57. Kd3 Ne6 58. Ke3 Kf6 59. Nh5+ Kf7 60. Ng3 Kg6 61. Nh1 Kh5 62. Nf2 Kh4 63. Kf3 Nxd4+ 64. Kg2 Nxb3 65. Kxh2 Nc5 66. Kg2 b3 67. Nd1 Nxa4 68. Kf3 b2 69. Nc3 Nxc3 0-1


[Site "https://www.chess.com"]

[Event "Titled Tuesday Blitz March 15 Early 2022"]
[White "Silva, Kaua Marques"]
[Black "Christensen, Thomas"]
[WhiteFideId "22701168"]
[BlackFideId "1403532"]
[WhiteElo "2071"]
[BlackElo "2260"]
[Result "0-1"]
[Round "05"]
[TimeControl "180+1"]
[Date "2022.03.15"]
[WhiteClock "0:00:15"]
[BlackClock "0:00:15"]

1. d4 Nc6 2. d5 Ne5 3. Nf3 Ng6 4. h4 e5 5. h5 N6e7 6. Nxe5 d6 7. Nf3 Bg4 8. Nc3 Qd7 9. Bf4 Nf5 10. e4 Nfh6 11. Be2 a6 12. Qd4 Be7 13. Qxg7 Bf6 14. Bxh6 Bxg7 15. Bxg7 f6 16. Bxh8 h6 17. Nh4 O-O-O 18. Ng6 Bxe2 19. Kxe2 Qf7 20. Rh3 Ne7 21. Nxe7+ Qxe7 22. Rg3 Rxh8 23. Rh1 f5 24. Kd3 fxe4+ 25. Nxe4 Qe5 26. Nc3 Rf8 27. Rf1 Qxg3+ 28. fxg3 Rxf1 29. Ke2 Rc1 30. g4 Rxc2+ 31. Kf3 Kd7 32. g5 hxg5 33. h6 Rc1 34. Kg4 Ke7 35. Ne4 Kf7 36. Kxg5 Rc2 37. g4 Rxb2 38. Nc3 Rc2 39. Nd1 Rxa2 40. Ne3 Re2 41. Nf5 a5 42. Kh5 Rh2+ 43. Nh4 a4 44. g5 Rxh4+ 45. Kxh4 Kg6 0-1


[Site "https://www.chess.com"]

[Event "Titled Tuesday Blitz March 15 Early 2022"]
[White "Skuhala, Barbara"]
[Black "Martin Carmona, Gaston Manuel"]
[WhiteFideId "14605465"]
[BlackFideId "22284567"]
[WhiteElo "2155"]
[BlackElo "2161"]
[Result "0-1"]
[Round "05"]
[TimeControl "180+1"]
[Date "2022.03.15"]
[WhiteClock "0:01:22"]
[BlackClock "0:00:19"]

1. e4 e6 2. d4 d5 3. Bd3 c5 4. exd5 Qxd5 5. Nf3 cxd4 6. O-O Nf6 7. Nxd4 a6 8. Nc3 Qd8 9. Nf3 Be7 10. Re1 O-O 11. Bf4 Nc6 12. Qe2 Nb4 13. Rad1 Nxd3 14. Rxd3 Qa5 15. Ne5 Qc5 16. Nf3 b5 17. Be3 Qc7 18. Red1 Bb7 19. h3 Rfd8 20. a3 Rxd3 21. Rxd3 h6 22. Nd2 Qc6 23. Nf3 a5 24. Rd1 b4 25. axb4 axb4 26. Nb1 Ra1 27. c3 b3 28. Nbd2 Rxd1+ 29. Qxd1 Qd5 30. Qxb3 Qc6 31. Qc4 Qd7 32. b4 Nd5 33. b5 Nxe3 34. fxe3 Bg5 35. Qd4 Qxb5 36. Nxg5 Qxg5 37. Ne4 Qg6 38. Qd8+ Kh7 0-1


[Site "https://www.chess.com"]

[Event "Titled Tuesday Blitz March 15 Early 2022"]
[White "Spitzl, Vinzent"]
[Black "Golsta, Madara"]
[WhiteFideId "12901253"]
[BlackFideId "11607386"]
[WhiteElo "2160"]
[BlackElo "1997"]
[Result "1-0"]
[Round "05"]
[TimeControl "180+1"]
[Date "2022.03.15"]
[WhiteClock "0:01:30"]
[BlackClock "0:01:01"]

1. e4 c5 2. Nf3 d6 3. d4 cxd4 4. Nxd4 Nf6 5. Nc3 g6 6. Be3 Bg7 7. f3 Nc6 8. Qd2 O-O 9. O-O-O d5 10. exd5 Nxd5 11. Nxc6 bxc6 12. Nxd5 cxd5 13. Qxd5 Qc7 14. Qc5 Qb8 15. b3 Bf5 16. Bd3 Bxd3 17. Rxd3 a5 18. Bd4 e5 19. Bb2 a4 20. Rhd1 axb3 21. axb3 Ra2 22. Rd7 Qa8 23. Kb1 Rxb2+ 24. Kxb2 e4+ 25. c3 exf3 26. gxf3 Rc8 27. Qxc8+ Qxc8 28. Rd8+ 1-0


[Site "https://www.chess.com"]

[Event "Titled Tuesday Blitz March 15 Early 2022"]
[White "Szpar, Milosz"]
[Black "Oganisian, Roman"]
[WhiteFideId "1184989"]
[BlackFideId "4153006"]
[WhiteElo "2447"]
[BlackElo "2204"]
[Result "1-0"]
[Round "05"]
[TimeControl "180+1"]
[Date "2022.03.15"]
[WhiteClock "0:00:40"]
[BlackClock "0:00:05"]

1. e4 e6 2. d4 d5 3. Nd2 Nf6 4. e5 Nfd7 5. Bd3 c5 6. c3 Nc6 7. Ne2 g5 8. b3 Qb6 9. Bb2 a5 10. a4 cxd4 11. cxd4 Nb4 12. Bb5 g4 13. O-O h5 14. f3 Bh6 15. fxg4 Be3+ 16. Kh1 hxg4 17. Nb1 Qd8 18. g3 Qg5 19. Nf4 Ke7 20. Qe2 Qh6 21. Nc3 b6 22. Nd1 Bxf4 23. Rxf4 Bb7 24. Qf2 f5 25. exf6+ Nxf6 26. Ne3 Raf8 27. Rf1 e5 28. Nf5+ 1-0


[Site "https://www.chess.com"]

[Event "Titled Tuesday Blitz March 15 Early 2022"]
[White "Tabatabaei, M. Amin"]
[Black "Paravyan, David"]
[WhiteFideId "12521213"]
[BlackFideId "4194985"]
[WhiteElo "2910"]
[BlackElo "2975"]
[Result "1-0"]
[Round "05"]
[TimeControl "180+1"]
[Date "2022.03.15"]
[WhiteClock "0:00:25"]
[BlackClock "0:00:04"]

1. d4 Nf6 2. Nf3 g6 3. Nbd2 d5 4. b3 Bg7 5. Bb2 O-O 6. e3 b6 7. Be2 Bb7 8. O-O Nbd7 9. c4 c5 10. dxc5 Nxc5 11. b4 Nce4 12. Nxe4 Nxe4 13. Bxg7 Kxg7 14. Qd4+ Kg8 15. Rfd1 dxc4 16. Qxc4 Qc8 17. Rac1 Qxc4 18. Bxc4 Nd6 19. Bb3 Rfc8 20. Ne5 Kg7 21. f3 a5 22. bxa5 Rxc1 23. Rxc1 Rxa5 24. Nc6 Bxc6 25. Rxc6 b5 26. Kf2 Ra7 27. e4 Nc4 28. Rc5 Nd2 29. Rxb5 Nxb3 30. axb3 Ra2+ 31. Kg3 h5 32. h4 Rb2 33. Rb7 e5 34. b4 Kf6 35. b5 Ke6 36. Rb8 Ke7 37. b6 Ke6 38. Kh2 Rb1 39. b7 Kf6 40. g3 Rb2+ 41. Kg1 Kg7 42. Kf1 Kf6 43. Ke1 Kg7 44. Kd1 Rb3 45. Kc2 Rb6 46. Kc3 Rb1 47. Kc4 Kf6 48. Kd5 Rd1+ 49. Kc6 Rc1+ 50. Kd7 Rb1 51. Ke8 Kg7 52. Ke7 Rb4 53. Kd6 Kf6 54. Kc6 Rc4+ 55. Kb5 1-0


[Site "https://www.chess.com"]

[Event "Titled Tuesday Blitz March 15 Early 2022"]
[White "Thomas, Anysia"]
[Black "Vlassov, Nikolai"]
[WhiteFideId "670472"]
[BlackFideId "4103360"]
[WhiteElo "2002"]
[BlackElo "2407"]
[Result "0-1"]
[Round "05"]
[TimeControl "180+1"]
[Date "2022.03.15"]
[WhiteClock "0:00:09"]
[BlackClock "0:01:46"]

1. d4 Nf6 2. c4 Nc6 3. Nf3 e6 4. g3 Bb4+ 5. Bd2 a5 6. Bg2 d6 7. O-O e5 8. Bg5 exd4 9. Nxd4 Ne5 10. a3 Bc5 11. Nc3 Neg4 12. h3 h6 13. Bxf6 Nxf6 14. Nd5 O-O 15. Rb1 c6 16. Ne3 Qb6 17. Ndf5 Bxf5 18. Nxf5 Rad8 19. Qd2 d5 20. b4 axb4 21. axb4 dxc4 22. bxc5 Qxb1 23. Nxh6+ gxh6 24. Qxh6 Qg6 25. Qf4 c3 26. Bf3 c2 27. h4 Rd1 28. h5 Nxh5 29. Bxh5 Qxh5 30. g4 Rxf1+ 0-1


[Site "https://www.chess.com"]

[Event "Titled Tuesday Blitz March 15 Early 2022"]
[White "Urbina Perez, Juan Antonio"]
[Black "Bintang, Rasyid A. Hidayat"]
[WhiteFideId "2217368"]
[BlackFideId "7105355"]
[WhiteElo "2192"]
[BlackElo "2348"]
[Result "0-1"]
[Round "05"]
[TimeControl "180+1"]
[Date "2022.03.15"]
[WhiteClock "0:00:20"]
[BlackClock "0:00:12"]

1. e4 d5 2. exd5 Nf6 3. Bb5+ Bd7 4. Bxd7+ Qxd7 5. Nf3 Nxd5 6. O-O g6 7. Nc3 Nxc3 8. bxc3 Bg7 9. Rb1 b6 10. Re1 O-O 11. Qe2 e6 12. Ba3 Rd8 13. d4 Nc6 14. Qe4 Na5 15. Ne5 Qd5 16. Qf4 Bxe5 17. Rxe5 Qxa2 18. Qc1 Qc4 19. Be7 Nc6 20. Bxd8 Nxe5 21. Bf6 Nd7 22. Bg5 Qxc3 23. Rb3 Qc4 24. h4 f6 25. Bh6 c5 26. dxc5 Nxc5 27. Rf3 Ne4 28. Qa3 Qc5 29. Qb3 Qd5 30. Qa3 Qd1+ 31. Kh2 Qd6+ 32. Qxd6 Nxd6 33. Rxf6 Re8 34. h5 Nf5 35. Bd2 gxh5 36. f3 h4 37. Bc3 Rc8 38. Be5 Rxc2 39. Rxe6 Ne3 40. Re7 Rxg2+ 41. Kh3 Rg6 42. Rxa7 Nc4 43. Bd4 Rg3+ 44. Kxh4 Rxf3 45. Rb7 Rf4+ 46. Kg5 Rxd4 47. Kf6 Rd6+ 48. Ke7 Rc6 49. Kd7 Ne5+ 50. Ke7 h5 51. Ra7 h4 52. Ra4 Rh6 53. Re4 Ng6+ 54. Kf6 Nf8+ 55. Kg5 Rh7 56. Kf6 h3 57. Rg4+ Kh8 58. Rg1 h2 59. Rh1 Rh3 60. Kf7 Nh7 61. Kg6 b5 62. Kf5 b4 63. Kg4 Rh6 64. Kg3 b3 65. Kg2 b2 66. Kf2 Nf6 67. Kg2 Nd5 68. Kf2 Nc3 69. Kg2 b1=Q 70. Rxb1 Nxb1 71. Kh1 Nc3 72. Kg2 h1=Q+ 73. Kg3 Qh3+ 74. Kf2 Rf6+ 75. Ke1 Qf1+ 76. Kd2 Rf2+ 77. Kxc3 Qg2 78. Kd4 Qg3 0-1


[Site "https://www.chess.com"]

[Event "Titled Tuesday Blitz March 15 Early 2022"]
[White "Weetik, Vjacheslav"]
[Black "Istvanovszki, Martin"]
[WhiteFideId "4153472"]
[BlackFideId "726958"]
[WhiteElo "2469"]
[BlackElo "2345"]
[Result "1-0"]
[Round "05"]
[TimeControl "180+1"]
[Date "2022.03.15"]
[WhiteClock "0:00:08"]
[BlackClock "0:00:20"]

1. e4 c5 2. Nf3 d6 3. d4 cxd4 4. Nxd4 Nf6 5. Nc3 g6 6. Be2 Bg7 7. O-O O-O 8. Re1 Nc6 9. Nb3 Be6 10. Bg5 a5 11. a4 Rc8 12. Bf1 Nb4 13. Nd4 Bc4 14. Bxc4 Rxc4 15. Ndb5 Qc8 16. Qe2 Qc6 17. Rad1 Re8 18. h3 h6 19. Bh4 Nxe4 20. Nxe4 Nxc2 21. Nexd6 Rxh4 22. Nxe8 Nxe1 23. Qxe1 Qxe8 24. Qxa5 Qc6 25. Qd8+ Kh7 26. Qxe7 Rxa4 27. Nd6 Rf4 28. Nxf7 Qc2 29. Rf1 Qxb2 30. Nd6 Qf6 31. Qxf6 Rxf6 32. Nxb7 Rb6 33. Nc5 Bd4 34. Ne4 Rb2 35. g4 g5 36. Kg2 Kg6 37. Ng3 Bb6 38. Ne4 h5 39. Rc1 hxg4 40. hxg4 Rb4 41. Rc6+ Kg7 42. Nxg5 Rb2 43. Ne4 Bd4 44. Kg3 Ra2 45. f4 Ra3+ 46. Kh4 Ra5 47. g5 Ra4 48. Rc7+ Kg6 49. Kg4 Ba1 50. f5# 1-0


[Site "https://www.chess.com"]

[Event "Titled Tuesday Blitz March 15 Early 2022"]
[White "Winkels, Marcel"]
[Black "Iskusnyh, Sergei"]
[WhiteFideId "1003887"]
[BlackFideId "4120027"]
[WhiteElo "1900"]
[BlackElo "2492"]
[Result "0-1"]
[Round "05"]
[TimeControl "180+1"]
[Date "2022.03.15"]
[WhiteClock "0:00:01"]
[BlackClock "0:00:03"]

1. e4 Nf6 2. e5 Nd5 3. d4 d6 4. Nf3 g6 5. Bc4 Nb6 6. Bb3 Bg7 7. Ng5 O-O 8. Qf3 e6 9. Ne4 dxe5 10. dxe5 Bxe5 11. O-O Nc6 12. Nbc3 Kg7 13. Bg5 f6 14. Rad1 Nd4 15. Rxd4 Bxd4 16. Bc1 e5 17. Nb5 a6 18. Na3 f5 19. Ng5 h6 20. Ne6+ Bxe6 21. Bxe6 Qf6 22. Bb3 c6 23. c3 Bc5 24. Nc2 e4 25. Qf4 g5 26. Qd2 Rad8 27. Qe2 Rfe8 28. Be3 Bxe3 29. Nxe3 a5 30. a4 Nd5 31. Nc4 Nf4 32. Qe1 Ra8 33. Nb6 Rad8 34. Nc4 Nd3 35. Qb1 Nc5 36. Bc2 Ra8 37. Nb6 Ra6 38. Nc4 b5 39. Ne3 Nxa4 40. Bxa4 bxa4 41. Rd1 Rb6 42. Rd7+ Re7 43. Rd2 Qxc3 44. Qd1 Rxb2 45. Rd7 Qf6 46. Rd6 Qe5 47. Rxc6 Reb7 48. Rc1 f4 49. Nd5 Rd7 50. Rc5 Rxd5 51. Rxd5 Qxd5 52. Qxd5 Rb1+ 53. Qd1 Rxd1# 0-1


[Site "https://www.chess.com"]

[Event "Titled Tuesday Blitz March 15 Early 2022"]
[White "Wong, Yinn Long"]
[Black "Slugin, Sergey"]
[WhiteFideId "5707684"]
[BlackFideId "4122569"]
[WhiteElo "2055"]
[BlackElo "2358"]
[Result "1-0"]
[Round "05"]
[TimeControl "180+1"]
[Date "2022.03.15"]
[WhiteClock "0:00:39"]
[BlackClock "0:00:13"]

1. Nf3 Nf6 2. b3 g6 3. Bb2 Bg7 4. e3 d5 5. d4 O-O 6. c4 dxc4 7. Bxc4 Nc6 8. O-O e5 9. dxe5 Ng4 10. Nc3 Ngxe5 11. Be2 Bf5 12. Nxe5 Nxe5 13. e4 Be6 14. Na4 b6 15. f4 Nc6 16. e5 Qxd1 17. Rfxd1 Rad8 18. Bf3 Rxd1+ 19. Rxd1 Rd8 20. Rxd8+ Nxd8 21. Nc3 f6 22. Nb5 fxe5 23. fxe5 c6 24. Nxa7 Bd7 25. b4 Kf7 26. Bd4 b5 27. Kf2 Ne6 28. Bc3 c5 29. bxc5 Nxc5 30. Nc6 Bxc6 31. Bxc6 b4 32. e6+ Kf8 33. Bxg7+ Kxg7 34. e7 1-0


[Site "https://www.chess.com"]